 Dungeon Crawl Stone Soup version 0.31-a0-1616-gbeaec30b81 (webtiles) character file.

Game seed: 5893972642187213098

103 Inarius the Trooper (level 4, 0/31 HPs)
             Began as an Octopode Fighter on Jan 10, 2024.
             Slain by an orc priest
             ... wielding a +0 mace
              (8 damage)
             ... on level 3 of the Dungeon.
             The game lasted 00:01:37 (2330 turns).

Inarius the Trooper (Octopode Fighter)              Turns: 2330, Time: 00:01:38

Health: 0/31       AC:  1    Str: 17    XL:     4   Next: 79%
Magic:  4/4        EV: 13    Int: 10    God:
Gold:   107        SH:  4    Dex: 11    Spells: 3/3 levels left

rFire   . . .        a - +0 war axe
rCold   . . .        b - +0 buckler
rNeg    . . .        (helmet restricted)
rPois   .            (no amulet)
rElec   .            o - ring of see invisible
rCorr   .            (no ring)
SInv    +            (no ring)
Will    .....        (no ring)
Stlth   +++          (no ring)
HPRegen 0.25/turn    (no ring)
MPRegen 0.09/turn    (no ring)
                     (no ring)

%: no passive effects
@: mighty, lethally poisoned (0 -> -7)
A: almost no armour, amphibious, 8 rings, camouflage 1, gelatinous body 1,
(nimble swimmer 1), tentacles
a: no special abilities


You were on level 3 of the Dungeon.
You visited 1 branch of the dungeon, and saw 3 of its levels.

You collected 107 gold pieces.

Inventory:

Hand Weapons
 a - a +0 war axe (weapon)
Missiles
 f - 2 javelins (quivered)
Armour
 b - a +0 buckler (worn)
Jewellery
 o - a ring of see invisible (left tentacle)
Scrolls
 d - 5 scrolls of identify {unknown}
 e - a scroll of revelation {unknown}
 g - 2 scrolls of teleportation {unknown}
 h - a scroll of fog {unknown}
 k - 2 scrolls of enchant armour {unknown}
 m - 2 scrolls of fear {unknown}
 p - a scroll of acquirement {unknown}
 s - a scroll of vulnerability {unknown}
Potions
 c - 3 potions of might
 i - a potion of magic {unknown}
 j - 2 potions of haste {unknown}
 l - 2 potions of degeneration {unknown}
 n - a potion of brilliance {unknown}
 q - a potion of ambrosia {unknown}
 r - a potion of lignification {unknown}
 t - a potion of berserk rage {unknown}
 u - a potion of heal wounds {unknown}


   Skills:
 + Level 3.5 Fighting
 + Level 3.3 Axes
 + Level 3.4 Dodging
 + Level 2.0 Stealth
 + Level 3.4 Shields


You had 3 spell levels left.
You didn't know any spells.
Your spell library contained the following spells:

 Spells                   Type           Power      Damage    Failure   Level
 Kiss of Death            Conj/Necr      0%         2d5       43%         1
 Confusing Touch          Hex            0%         N/A       82%         3
 Fugue of the Fallen      Necr           0%         N/A       82%         3
 Ozocubu's Armour         Ice            0%         N/A       82%         3
 Summon Ice Beast         Ice/Summ       0%         N/A       82%         3
 Dispel Undead            Necr           0%         3d6       99%         4
 Manifold Assault         Tloc           0%         N/A       99%         4
 Summon Mana Viper        Hex/Summ       0%         N/A       100%        5
 Monstrous Menagerie      Summ           0%         N/A       100%        7


Dungeon Overview and Level Annotations

Branches:
Dungeon (3/15)

Altars:

Shops:
D:1 (


Innate Abilities, Weirdness & Mutations

You cannot wear most types of armour.
You are amphibious.
You can wear up to eight rings at the same time.
Your skin changes colour to match your surroundings (Stealth+).
Your rubbery body absorbs attacks. (AC +1, EV +1)
((You are camouflaged when in or above water. (Stealth+)))
You have tentacles for arms and can constrict up to eight enemies at once.


Message History

The jackal is moderately wounded.
The jackal bites you.
You closely miss the jackal. You grab the jackal. You squeeze the jackal.
You kill the jackal!
You barely miss the jackal.
The jackal bites you but does no damage.
A giant cockroach comes into view.
You block the jackal's attack.
You miss the adder. Your grab misses the adder. Your squeeze misses the adder.
You hit the orc but do no damage. You barely miss the jackal.
The jackal barely misses you. The adder bites you.
You are poisoned.
The adder poisons you! The jackal closely misses you.
An orc comes into view. It is wielding a +0 trident.
The orc hits you but does no damage. The adder barely misses you.
You feel sick. The jackal closely misses you.
The adder attacks as it pursues you! The adder bites you.
You are more poisoned.
The adder poisons you! The orc attacks as it pursues you!
The orc hits you but does no damage. The jackal barely misses you.
You feel very sick.
You feel very mighty all of a sudden.
You feel sick. The adder barely misses you. The jackal barely misses you.
The adder bites you.
You are more poisoned.
The adder poisons you! You block the jackal's attack.
Unknown command.
You barely miss the adder. Your grab misses the adder.
You barely miss the jackal.
You feel very sick. You block the adder's attack. The jackal misses you.
Unknown command.
You closely miss the adder. You grab the adder. You hit the jackal.
You kill the jackal!
You constrict the adder.
* * * LOW HITPOINT WARNING * * *
You feel very sick. The adder barely misses you. The adder closely misses you.
The orc priest hits you with a +0 mace!
You die...

.##.#..##.#..##.#..##.#..###.#
#....##....##....##....#####.#
..##.#..##.#..##.#..##.#.....#
#)##..#.##..#.##..#.##..#....#
#....##....##....##....##....#
.#.##..#.##..#.##..#.##......#
.##.#..##.#..##.#..##.#......#
. ###.#
+####..[............###. . #..
##o@........<)...... ....
###BS#.....######.#### .....
#.o.o#....... #.#
......##)#.....## ..# ##..##
#.#......# .... #. #.#...#+##
..### # #.#...# ... ..#####
###. ...


You could see an orc priest, an adder, 2 orcs and a giant cockroach.

Vanquished Creatures
  5 adders (D:2)
  2 dart slugs
  An orc (D:3)
  3 bats
  5 giant cockroaches
  3 goblins
  4 hobgoblins
  5 jackals
  2 quokkas
  7 ball pythons
  5 frilled lizards
  9 kobolds
  2 rats (D:1)
53 creatures vanquished.

Notes
Turn   | Place    | Note
-------+----------+-------------------------------------------
     0 | D:1      | Inarius the Octopode Fighter began the quest for the Orb.
     0 | D:1      | Reached XP level 1. HP: 16/16 MP: 1/1
   100 | D:1      | Reached XP level 2. HP: 5/21 MP: 2/2
   100 | D:1      | HP: 1/21 [quokka (3)]
   322 | D:1      | Found Kydghi's Weapon Emporium.
   708 | D:1      | Reached XP level 3. HP: 23/26 MP: 3/3
  1205 | D:2      | Reached skill level 1 in Stealth
  1298 | D:2      | Reached XP level 4. HP: 19/31 MP: 4/4
  2330 | D:3      | Slain by an orc priest

Illustrated notes

Levels and vault maps discovered:
D:1:      ebering_trefoil_3fold, layout_basic, serial_shops,
          nicolae_shop_crystal, minmay_small_reverse_x
D:2:      minmay_wonky_spiral, layout_basic
D:3:      layout_basic, mainiacjoe_overflow_catwalk,
          nicolae_dithmenos_through_a_glass_darkly, grunt_ministairs_15,
          serial_bayou_pond_c, nicolae_eternal_life

Skill      XL: |  1  2  3  4 |
---------------+-------------+-----
Stealth        | 1 2 |  2.0
Axes           | 3 |  3.3
Fighting       | |  3.5
Dodging        | |  3.4
Shields        | |  3.4

Action                     |  1- 3 |  4- 6 || total
---------------------------+-------+-------++-------
  Melee: War axe           |    65 |    39 ||   104
         Tentacles         |     5 |     9 ||    14
         Constrict         |    10 |    11 ||    21
         Punch             |     1 |       ||     1
    Use: Potion            |       |     1 ||     1
   Stab: Sleeping          |     4 |     5 ||     9
 Armour: Skin              |    28 |    25 ||    53
  Dodge: Dodged            |    47 |    30 ||    77
  Block: Buckler           |    20 |    11 ||    31

Table legend: (Time is in decaauts)
 A = Elapsed time spent in this place.
 B = Non-inter-level travel time spent in this place.
 C = Inter-level travel time spent in this place.
 D = Time resting spent in this place.
 E = Time spent auto-exploring this place.
 F = Levels seen in this place.
 G = Mean time per level.
                   A        B        C        D        E       F      G
               +--------+--------+--------+--------+--------+-----+--------+
         Total |   2371 |   2284 |     87 |    153 |   1772 |   3 |  790.3 |
       Dungeon |   2371 |   2284 |     87 |    153 |   1772 |   3 |  790.3 |
               +--------+--------+--------+--------+--------+-----+--------+

Top non-repeatable levels by time:
     D:2: 1114 daAuts
     D:1: 1106 daAuts
     D:3: 150 daAuts
